 Dungeon Crawl Stone Soup version 0.24.0-123-gd5b16e6ec5 (webtiles) character file.

Game seed: 4453467515349133519, levelgen mode: deterministic

631 brucemayne the Cleaver (level 7, -6/57 HPs)
             Began as a Hill Orc Monk on Jan 18, 2020.
             Mangled by a six-headed hydra (14 damage)
             ... on level 6 of the Dungeon.
             The game lasted 00:11:07 (2389 turns).

brucemayne the Cleaver (Hill Orc Monk)              Turns: 2389, Time: 00:11:08

Health: -6/57      AC:  6    Str: 18    XL:     7   Next: 48%
Magic:  7/7        EV: 10    Int: 10    God:
Gold:   148        SH:  4    Dex: 13    Spells: 6/6 levels left

rFire    . . .     SeeInvis .   e - +0 war axe
rCold    + . .     Gourm    .   (no shield)
rNeg     . . .     Faith    .   q - +0 scale mail
rPois    .         Spirit   .   (no helmet)
rElec    .         Reflect  +   (no cloak)
rCorr    .         Harm     .   (no gloves)
MR       .....                  (no boots)
Stlth    ..........             o - +4 amulet of reflection
HPRegen  0.19/turn              w - ring of wizardry
MPRegen  0.10/turn              (no ring)

@: no status effects
A: cold resistance 1, strong 1
a: no special abilities


You were on level 6 of the Dungeon.
You were not hungry.

You visited 1 branch of the dungeon, and saw 6 of its levels.

You collected 148 gold pieces.

Inventory:

Hand Weapons
 a - a +0 hand axe
 e - a +0 war axe (weapon)
 l - a +4 short sword
 D - the +10 flail of Sonuquqa {speed, rC+ Int-5 Dex+2, unknown}
   (You found it on level 5 of the Dungeon)

   Attacks with this weapon are significantly faster.
   It affects your intelligence (-5).
   It affects your dexterity (+2).
   It protects you from cold.
Missiles
 p - a javelin (quivered)
 y - 4 boomerangs
Armour
 b - a +0 robe
 i - a +0 ring mail
 m - a +0 chain mail
 q - a +0 scale mail (worn)
Jewellery
 o - a +4 amulet of reflection (around neck)
 r - an uncursed ring of wizardry
 w - a ring of wizardry (left hand)
Scrolls
 d - 3 scrolls of identify
 f - 2 scrolls of immolation {unknown}
 g - 2 scrolls of enchant weapon {unknown}
 h - 4 scrolls of remove curse {unknown}
 j - 4 scrolls of teleportation
 n - a scroll of fear {unknown}
 s - 2 scrolls of amnesia {unknown}
 A - 2 scrolls of enchant armour {unknown}
 C - 2 scrolls of magic mapping {unknown}
 E - a scroll of brand weapon {unknown}
Potions
 k - 2 potions of haste
 t - a potion of invisibility {unknown}
 v - a potion of cancellation {unknown}
 x - 2 potions of agility {unknown}
 z - 2 potions of flight
 G - a potion of mutation
Comestibles
 c - 13 rations


   Skills:
 - Level 3.6 Fighting
 + Level 10.9 Axes
 - Level 2.4 Dodging
 - Level 1.5 Stealth


You had 6 spell levels left.
You didn't know any spells.
Your spell library was empty.

Dungeon Overview and Level Annotations

Branches:
Dungeon (6/15)
 Temple: D:4-7

Altars:

Annotations:
D:6 2 transporters, Dowan, Duvessa


Innate Abilities, Weirdness & Mutations

Your flesh is cold resistant. (rC+)
Your muscles are strong. (Str +2)


Message History

The gnoll sergeant shouts!
You hear a shout! x2
The gnoll shouts!
You hear a shout!
The gnoll shouts!
You hear a shout!
Found two transporters.
The six-headed hydra roars!
Found a chain mail.
You aren't carrying any items that you can evoke.
Unknown command.
You aren't carrying any items that you can evoke.
Unknown command.
Okay, then.
Okay, then.
All of the chunks of flesh in your inventory have rotted away.
The six-headed hydra bites you but does no damage.
The six-headed hydra bites you.
The six-headed hydra closely misses you.
The six-headed hydra bites you!
* * * LOW HITPOINT WARNING * * *
The six-headed hydra bites you!
You die...

..#. .....########
.... .......##
....###.###..#####
.................#
≈≈...≈≈≈≈≈≈≈≈≈≈≈.#
≈≈...≈≈≈≈≈≈≈≈≈≈≈.#
.........#####≈≈D#
##.©.###.#.gg#≈≈@#
.#####©###.g.#≈≈.#
... ......###≈≈.#
##+######.#8.≈≈.#
#.##.≈≈.#
+gg#.≈≈.#
#.##.≈≈.#
#.#8.≈≈.#
..###≈≈.#


You could see a six-headed hydra.

Vanquished Creatures
  A necrophage (D:3)
  A phantom (D:4)
  A bullfrog (D:2)
  A crimson imp (D:5)
  A jelly (D:5)
  An orc priest (D:3)
  A bullfrog skeleton (D:6)
  An iguana (D:6)
  An orc wizard (D:5)
  2 worker ants
  2 gnolls
  4 adders
  2 shadow imps
  2 oozes (D:3)
  2 worms
  A dart slug (D:2)
  5 leopard geckos
  10 orcs
  2 ball pythons
  4 bats
  3 giant cockroaches
  4 goblins
  3 hobgoblins
  16 jackals
  4 quokkas
  4 frilled lizards
  5 kobolds
  5 rats
89 creatures vanquished.

Notes
Turn   | Place    | Note
-------+----------+-------------------------------------------
     0 | D:1      | brucemayne the Hill Orc Monk began the quest for the Orb.
     0 | D:1      | Reached XP level 1. HP: 19/19 MP: 1/1
   168 | D:2      | Noticed a bullfrog
   184 | D:2      | Reached XP level 2. HP: 23/26 MP: 2/2
   321 | D:2      | Reached skill level 5 in Axes
   437 | D:2      | Killed a bullfrog
   437 | D:2      | Reached skill level 6 in Axes
   437 | D:2      | Reached XP level 3. HP: 19/31 MP: 3/3
   437 | D:2      | Reached XP level 4. HP: 23/39 MP: 4/4
   521 | D:2      | Reached skill level 7 in Axes
   544 | D:2      | You fall into a shaft and drop 1 floor!
   572 | D:3      | Reached XP level 5. HP: 33/45 MP: 5/5
   654 | D:2      | Gained mutation: Your muscles are strong. (Str +2) [potion
                  | of mutation]
   654 | D:2      | Gained mutation: Your flesh is cold resistant. (rC+)
                  | [potion of mutation]
   847 | D:3      | Noticed a necrophage
   877 | D:3      | Killed a necrophage
   877 | D:3      | Reached skill level 8 in Axes
   877 | D:3      | Reached XP level 6. HP: 28/49 MP: 6/6
  1004 | D:3      | Reached skill level 9 in Axes
  1118 | D:5      | Entered Level 5 of the Dungeon
  1132 | D:4      | Noticed a phantom
  1176 | D:4      | Killed a phantom
  1402 | D:5      | Reached skill level 10 in Axes
  1406 | D:5      | Reached XP level 7. HP: 35/55 MP: 7/7
  1946 | D:5      | Got an encrusted flail
  2033 | D:6      | Noticed Duvessa
  2033 | D:6      | Noticed Dowan
  2201 | D:6      | Noticed a six-headed hydra
  2368 | D:6      | Found a transporter.
  2368 | D:6      | Found a transporter.
  2389 | D:6      | Mangled by a six-headed hydra

Levels and vault maps discovered:
D:1:      minmay_arrival_four_loops, layout_loops_cross
D:2:      layout_basic
D:3:      layout_basic
D:4:      layout_basic, lemuel_temple_firewalk_b, first_ration,
          kennysheep_generic_room_16
D:5:      layout_rooms, kennysheep_generic_room_6
D:6:      hangedman_cross_stitches, layout_cave_pools,
          gammafunk_ghost_gnarly_gnolls, uniq_grinder, uniq_duvessa

Skill      XL: |  1  2  3  4  5  6 |
---------------+-------------------+-----
Axes           | 6 7 8 10 | 10.9
Fighting       | |  3.6
Dodging        | |  2.4
Stealth        | |  1.5

Action                   |  1- 3 |  4- 6 |  7- 9 || total
-------------------------+-------+-------+-------++-------
Melee: Hand axe          |    49 |    48 |       ||    97
       War axe           |       |   130 |    70 ||   200
Throw: Dart              |       |       |     5 ||     5
       Javelin           |       |       |     5 ||     5
       Throwing net      |       |       |     1 ||     1
  Use: Potion            |       |     6 |     4 ||    10
       Scroll            |       |     2 |       ||     2
 Stab: Sleeping          |     1 |     1 |       ||     2
  Eat: Chunk             |       |     2 |       ||     2
       Ration            |       |       |     1 ||     1
Armor: Ring mail         |    16 |    63 |       ||    79
       Robe              |     1 |       |       ||     1
       Scale mail        |       |    22 |    33 ||    55
Dodge: Dodged            |    42 |   137 |    37 ||   216
Block: Other             |       |    26 |    12 ||    38
       Reflection        |       |       |     1 ||     1
